 Dungeon Crawl Stone Soup version 0.19.5 (webtiles) character file.

1906 CrudeOil the Stinger (level 8, 0/63 HPs)
             Began as a White Draconian Venom Mage on Apr 8, 2017.
             Slain by an ogre
             ... wielding a +0 giant club
              (24 damage)
             ... on level 7 of the Dungeon.
             The game lasted 00:40:43 (7947 turns).

CrudeOil the Stinger (White Draconian Venom Mage)   Turns: 7947, Time: 00:40:44

Health: 0/63       AC:  8    Str: 12    XL:     8   Next: 94%
Magic:  8/14       EV: 14    Int: 16    God:
Gold:   108        SH:  0    Dex: 12    Spells: 2 memorised, 12 levels left

rFire  . . .     SeeInvis .     n - +1 dagger (venom)
rCold  + . .     Gourm    .     (armour unavailable)
rNeg   . . .     Faith    .     (no shield)
rPois  .         Spirit   .     (helmet restricted)
rElec  .         Reflect  .     p - +0 cloak
rCorr  .         Harm     .     (no gloves)
MR     .....                    r - +0 pair of boots
Stlth  ++........               (no amulet)
                                (no ring)
                                (no ring)

@: no status effects
A: breathe frost, unfitting armour, cold resistance 1, cold-blooded, AC +6
a: Breathe Frost


You were on level 7 of the Dungeon.
You were not hungry.

You visited 1 branch of the dungeon, and saw 7 of its levels.

You collected 328 gold pieces.
You spent 220 gold pieces at shops.

Inventory:

Hand Weapons
 e - a +0 dagger
 n - a +1 dagger of venom (weapon)
Armour
 p - a +0 cloak (worn)
 r - a +0 pair of boots (worn)
Jewellery
 k - an uncursed amulet of guardian spirit {unknown}
Wands
 i - a wand of hasting (1/9)
 m - a wand of lightning (9/15)
 u - a wand of acid (10/15)
Scrolls
 b - 2 scrolls of identify
 c - 3 scrolls of teleportation
 d - 2 scrolls of immolation
 f - a scroll of enchant armour
 h - a scroll of recharging
 l - 5 scrolls of fog
 s - a scroll of remove curse
 t - a scroll of magic mapping
Potions
 g - a potion of flight {unknown}
 j - a potion of might {unknown}
Books
 a - a Young Poisoner's Handbook

   Spells                             Type                      Level
   a - Sting                          Conjuration/Poison           1
   b - Mephitic Cloud                 Conjuration/Poison/Air       3
   c - Olgreb's Toxic Radiance        Poison                       4
   d - Alistair's Intoxication        Transmutation/Poison         5
   e - Venom Bolt                     Conjuration/Poison           5
 q - a book of Maledictions

   Spells                             Type                      Level
   a - Corona                         Hexes                        1
   b - Ensorcelled Hibernation        Hexes/Ice                    2
   c - Confuse                        Hexes                        3
   d - Tukima's Dance                 Hexes                        3
   e - Dazzling Spray                 Conjuration/Hexes            3
Comestibles
 o - a beef jerky


   Skills:
 + Level 3.1 Fighting
 + Level 4.7 Short Blades
 + Level 4.7 Dodging
 + Level 3.0 Stealth
 + Level 0.2 Unarmed Combat
 + Level 4.5 Spellcasting
 + Level 4.3 Conjurations
 + Level 0.6 Air Magic
 + Level 6.4 Poison Magic


You had 12 spell levels left.
You knew the following spells:

 Your Spells              Type           Power        Failure   Level  Hunger
a - Sting                 Conj/Pois      ###.         1%          1    None
b - Mephitic Cloud        Conj/Pois/Air  ###.....     12%         3    ###....


Dungeon Overview and Level Annotations

Branches:
Dungeon (7/15)
 Temple: D:4-7

Altars:

Shops:
D:4 *

Annotations:
D:5 Mercurio's ghost, novice DrCj
D:6 Menkaure; Sigmund


Innate Abilities, Weirdness & Mutations

You can breathe waves of freezing cold.
You can buffet flying creatures when you breathe cold.
Your icy white scales are hard. (AC +6)
You cannot fit into any form of body armour.
Your flesh is cold resistant. (rC+)
You are cold-blooded and may be slowed by cold attacks.


Message History

Aiming: Sting
Press: ? - help, Shift-Dir - straight line, f/p - ogre
Aim: an ogre, wielding a giant club The sting hits the ogre.
The ogre is poisoned.
The ogre is lightly wounded.
You hit the ogre but do no damage.
The ogre looks even sicker.
Your tail-slap misses the ogre.
The ogre is lightly wounded.
You barely miss the ogre. You tail-slap the ogre.
The ogre is moderately wounded.
The ogre barely misses you.
You barely miss the ogre.
The ogre is moderately wounded.
You hit the ogre.
The ogre looks as sick as possible!
The ogre is heavily wounded.
The ogre hits you with a giant club!
You barely miss the ogre.
The ogre is heavily wounded.
The ogre hits you with a giant club!!
You die...

...............
...............
..............?
...............
...............
...............
#..............
#.....O@.......
.............##
...<..#####..#
#..... .# .
..... ....
..... .... .##.
#.. ## #. .##
#.


You could see an ogre.

Vanquished Creatures
  Eustachio (D:6)
  A sky beast (D:6)
  2 phantoms (D:4)
  5 ogres (D:4)
  A centaur (D:4)
  A bullfrog (D:5)
  3 scorpions
  A killer bee (D:7)
  2 howler monkeys (D:4)
  4 crimson imps
  A bullfrog zombie (D:5)
  2 bullfrog skeletons (D:4)
  A hound (D:5)
  Ijyb (D:3)
  2 iguanas (D:6)
  Terence (D:2)
  4 worker ants
  8 adders
  4 gnolls
  A howler monkey skeleton (D:4)
  An adder zombie (D:5)
  An adder skeleton (D:4)
  A worm (D:3)
  6 dart slugs
  3 leopard geckos
  7 orcs
  4 giant cockroaches
  6 goblins
  7 hobgoblins
  8 jackals
  A quokka (D:7)
  2 ball pythons
  9 bats
  4 frilled lizards
  7 kobolds
  A quokka skeleton (D:4)
  7 rats
121 creatures vanquished.

Notes
Turn   | Place    | Note
-------+----------+-------------------------------------------
     0 | D:1      | CrudeOil the Draconian Venom Mage began the quest for the Orb.
     0 | D:1      | Reached XP level 1. HP: 14/14 MP: 3/3
   231 | D:1      | Reached XP level 2. HP: 16/20 MP: 0/5
   707 | D:1      | Reached XP level 3. HP: 11/26 MP: 2/6
  1718 | D:2      | Noticed Terence
  1767 | D:2      | Killed Terence
  1767 | D:2      | Reached skill level 1 in Conjurations
  1767 | D:2      | Reached XP level 4. HP: 16/33 MP: 0/7
  2685 | D:3      | Reached skill level 5 in Poison Magic
  2951 | D:3      | Reached XP level 5. HP: 30/38 MP: 7/9
  3054 | D:3      | Noticed Ijyb
  3070 | D:3      | Killed Ijyb
  3739 | D:4      | Reached XP level 6. HP: 45/45 MP: 7/10
  3865 | D:4      | Reached skill level 1 in Short Blades
  4167 | D:4      | Reached skill level 1 in Fighting
  4261 | D:4      | Your scales start taking on an icy white colour.
  4261 | D:4      | Reached XP level 7. HP: 21/52 MP: 8/11
  4261 | D:4      | Gained mutation: Your flesh is cold resistant. (rC+) [White Draconian growth]
  4632 | D:4      | Found Esesasirgh's Assorted Antiques.
  4664 | D:4      | Bought a scroll of identify for 44 gold pieces
  4664 | D:4      | Bought a runed dagger for 176 gold pieces
  5440 | D:5      | Entered Level 5 of the Dungeon
  5729 | D:5      | Learned a level 3 spell: Mephitic Cloud
  5774 | D:5      | Reached skill level 6 in Poison Magic
  5774 | D:5      | Reached XP level 8. HP: 55/60 MP: 10/14
  6032 | D:5      | Noticed Mercurio's ghost (novice DrCj)
  6121 | D:6      | Noticed Sigmund
  6145 | D:6      | Noticed Eustachio
  7484 | D:6      | Killed Eustachio
  7690 | D:6      | Noticed Menkaure
  7947 | D:7      | Slain by an ogre

Skill      XL: |  1  2  3  4  5  6  7  8 |
---------------+-------------------------+-----
Dodging        | 2 3 4 |  4.7
Stealth        | 2 3 |  3.0
Conjurations   | 1 2 3 4 |  4.3
Poison Magic   | 5 6 |  6.4
Spellcasting   | 3 4 |  4.5
Short Blades   | 1 2 4 |  4.7
Fighting       | 1 3 |  3.1
Unarmed Combat | |  0.2
Air Magic      | |  0.6

Action                   |  1- 3 |  4- 6 |  7- 9 || total
-------------------------+-------+-------+-------++-------
Melee: Dagger            |    82 |   163 |   360 ||   605
       Unarmed           |    10 |       |       ||    10
       Tailslap          |     8 |    13 |    29 ||    50
 Cast: Sting             |    46 |    94 |    78 ||   218
       Mephitic Cloud    |       |       |     3 ||     3
 Abil: Breathe Frost     |       |       |     2 ||     2
  Use: Scroll            |     6 |     2 |     5 ||    13
       Potion            |     1 |     1 |     2 ||     4
 Stab: Sleeping          |       |     1 |       ||     1
       Confused          |       |       |     1 ||     1
  Eat: Fruit             |     2 |     1 |       ||     3
       Meat ration       |       |     1 |     1 ||     2
       Bread ration      |       |     1 |     2 ||     3
Armor: Skin              |    25 |    77 |    84 ||   186
Dodge: Dodged            |    63 |   123 |   202 ||   388
